 Dungeon Crawl Stone Soup version 0.22.1-1-ga44c0e5 (webtiles) character file.

220 Iscandelvey the Bolt Thrower (level 5, 0/42 HPs)
             Began as a Demigod Hunter on Oct 23, 2018.
             Succumbed to a scorpion's poison
             ... on level 4 of the Dungeon.
             The game lasted 00:08:17 (3391 turns).

Iscandelvey the Bolt Thrower (Demigod Hunter)       Turns: 3391, Time: 00:08:17

Health: 0/42       AC:  3    Str: 15    XL:     5   Next: 37%
Magic:  1/7        EV: 12    Int: 17    God:
Gold:   206        SH:  0    Dex: 16    Spells: 4/4 levels left

rFire    . . .     SeeInvis .   b - +0 short sword
rCold    . . .     Gourm    .   (no shield)
rNeg     . . .     Faith    .   c - +0 leather armour
rPois    .         Spirit   +   (no helmet)
rElec    .         Reflect  .   (no cloak)
rCorr    .         Harm     .   (no gloves)
MR       .....                  (no boots)
Stlth    ++........             j - amulet of guardian spirit
HPRegen  0.14/turn              (no ring)
MPRegen  0.10/turn              (no ring)

@: lethally poisoned (0 -> -11)
A: high mp 1
a: no special abilities


You were on level 4 of the Dungeon.
You were not hungry.

You visited 1 branch of the dungeon, and saw 4 of its levels.

You collected 206 gold pieces.

Inventory:

Hand Weapons
 a - a +1 hand crossbow
 b - a +0 short sword (weapon)
Missiles
 d - 6 bolts
Armour
 c - a +0 leather armour (worn)
Jewellery
 j - an amulet of guardian spirit (around neck)
Scrolls
 e - 4 scrolls of identify {unknown}
 g - 2 scrolls of remove curse {unknown}
 k - 5 scrolls of teleportation {unknown}
 l - a scroll of enchant weapon {unknown}
 m - a scroll of random uselessness {unknown}
 o - 2 scrolls of magic mapping {unknown}
Potions
 h - a potion of lignification
 i - a potion of magic {unknown}
 n - a potion of ambrosia {unknown}
Comestibles
 f - 8 rations


   Skills:
 + Level 2.4 Fighting
 * Level 5.3 Crossbows
 + Level 1.3 Armour
 + Level 2.4 Dodging
 + Level 1.6 Stealth


You had 4 spell levels left.
You didn't know any spells.
Your spell library contained the following spells:

 Spells                   Type           Power        Failure   Level  Hunger
 Ice Form                 Ice/Tmut       #.......     96%         4    #####..
 Metabolic Englaciation   Hex/Ice        #.........   100%        5    ######.
 Bolt of Cold             Conj/Ice       #.........   100%        6    #######
 Freezing Cloud           Conj/Ice/Air   #.........   100%        6    #######
 Ozocubu's Refrigeration  Ice            #.........   100%        6    #######
 Simulacrum               Ice/Necr       #.........   100%        6    #######


Dungeon Overview and Level Annotations

Branches:
Dungeon (4/15)
 Temple: D:4-7


Innate Abilities, Weirdness & Mutations

You have an increased reservoir of magic. (+10% MP)


Message History

You hit the scorpion.
The scorpion is lightly wounded.
You feel sick.
The scorpion stings you but does no damage.
You hit the scorpion but do no damage.
You feel sick. The scorpion barely misses you.
You hit the scorpion but do no damage. The scorpion barely misses you.
You barely miss the scorpion.
You feel sick. The scorpion barely misses you.
You hit the scorpion but do no damage. The scorpion stings you.
* * * LOW HITPOINT WARNING * * *
You are lethally poisoned!
The scorpion poisons you!
You hit the scorpion.
The scorpion is lightly wounded.
* * * LOW HITPOINT WARNING * * *
You feel sick. The scorpion stings you!
* * * LOW HITPOINT WARNING * * *
You hit the scorpion but do no damage.
The scorpion is lightly wounded.
You die...

####.####...#
#....#...#
####.##..# #.##..#
#.##..# #.##..#
#.##..#
..##########.##..#
.............@s..#
..##########.#####
#... #####


You could see a scorpion.

Vanquished Creatures
  2 orc wizards (D:3)
  Terence (D:2)
  A worker ant (D:4)
  4 adders
  A worm (D:3)
  3 dart slugs
  2 leopard geckos
  3 orcs (D:3)
  13 bats
  7 giant cockroaches
  3 goblins (D:1)
  4 hobgoblins
  3 jackals (D:1)
  A quokka (D:3)
  2 ball pythons (D:2)
  4 frilled lizards
  10 kobolds
  8 rats
72 creatures vanquished.

Notes
Turn   | Place    | Note
-------+----------+-------------------------------------------
     0 | D:1      | Iscandelvey the Demigod Hunter began the quest for the Orb.
     0 | D:1      | Reached XP level 1. HP: 17/17 MP: 3/3
    59 | D:1      | Reached skill level 4 in Crossbows
    93 | D:1      | Reached XP level 2. HP: 8/24 MP: 4/4
   602 | D:1      | Reached skill level 1 in Stealth
   800 | D:1      | Reached XP level 3. HP: 28/29 MP: 5/5
  1198 | D:2      | HP: 2/43 [poisoned by an adder]
  1206 | D:2      | HP: 1/43 [poisoned by an adder]
  1690 | D:2      | Reached XP level 4. HP: 34/36 MP: 6/6
  1739 | D:2      | Noticed Terence
  1747 | D:2      | Killed Terence
  1747 | D:2      | Reached skill level 1 in Armour
  1760 | D:2      | Reached skill level 5 in Crossbows
  2031 | D:3      | Found an opulent altar of Gozag.
  2629 | D:3      | Reached XP level 5. HP: 39/42 MP: 7/7
  3390 | D:4      | HP: 1/42 [scorpion (5)]
  3391 | D:4      | Succumbed to a scorpion's poison

Skill      XL: |  1  2  3  4 |
---------------+-------------+-----
Crossbows      | 4 5 |  5.3
Stealth        | 1 |  1.6
Dodging        | 2 |  2.4
Fighting       | 2 |  2.4
Armour         | 1 |  1.3

Action                   |  1- 3 |  4- 6 || total
-------------------------+-------+-------++-------
Melee: Short sword       |    66 |    59 ||   125
 Fire: Hand crossbow     |    53 |    39 ||    92
  Use: Potion            |     2 |       ||     2
 Stab: Sleeping          |     3 |     1 ||     4
  Eat: Chunk             |     2 |     6 ||     8
Armor: Leather armour    |    25 |    21 ||    46
Dodge: Dodged            |    79 |    51 ||   130
